 Dungeon Crawl Stone Soup version 0.19-b1-4-gd8a0a2a (webtiles) character file.

75 tv1990 the Skirmisher (level 4, -1/37 HPs)
             Began as a Formicid Monk on Oct 30, 2016.
             Slain by Crazy Yiuf
             ... wielding a +4 quarterstaff of chaos
              (8 damage)
             ... on level 2 of the Dungeon.
             The game lasted 00:03:18 (1949 turns).

tv1990 the Skirmisher (Formicid Monk)               Turns: 1949, Time: 00:03:19

Health: -1/37      AC:  5    Str: 15    XL:     4   Next: 55%
Magic:  4/4        EV: 11    Int: 10    God:
Gold:   85         SH:  0    Dex: 14    Spells: 0 memorised, 3 levels left

rFire  . . .     SeeInvis +     a - +0 hand axe
rCold  . . .     Gourm    .     k - +0 ring mail
rNeg   . . .     Faith    .     (no shield)
rPois  .         Spirit   .     (helmet unavailable)
rElec  .         Reflect  .     (no cloak)
rCorr  .         Harm     .     (no gloves)
MR     .....                    (no boots)
Stlth  +.........               (no amulet)
                                (no ring)
                                (no ring)

@: no status effects
A: permanent stasis, dig shafts and tunnels, four strong arms, antennae 3
a: Dig, Shaft Self


You were on level 2 of the Dungeon.
You were not hungry.

You visited 1 branch of the dungeon, and saw 2 of its levels.

You collected 85 gold pieces.

Inventory:

Hand Weapons
 a - a +0 hand axe (weapon)
Armour
 b - a +0 robe
 i - a +0 leather armour
 k - a +0 ring mail (worn)
Scrolls
 e - 2 scrolls of remove curse {unknown}
 h - 2 scrolls of identify {unknown}
 p - a scroll of teleportation {unknown}
 q - a scroll of amnesia {unknown}
 r - a scroll of noise {unknown}
Potions
 d - a potion of might {unknown}
 f - 2 potions of curing {unknown}
 g - a potion of invisibility {unknown}
Comestibles
 c - a bread ration
 j - 4 chunks of flesh
 l - a royal jelly
 m - a meat ration
 n - 2 beef jerkies
 o - a slice of pizza


   Skills:
 + Level 4.1 Fighting
 * Level 4.0 Axes
 + Level 1.9 Armour
 - Level 2.6 Dodging
 - Level 2.4 Stealth


You had 3 spell levels left.
You didn't know any spells.

Dungeon Overview and Level Annotations

Branches:
Dungeon (2/15)

Altars:

Annotations:
D:2 Crazy Yiuf


Innate Abilities, Weirdness & Mutations

You are under a permanent stasis effect.
You can dig through walls and to a lower floor.
Your four strong arms can wield two-handed weapons with a shield.
You have a pair of large antennae on your head. (SInv)


Message History

Crazy Yiuf burns you.
* * * LOW HITPOINT WARNING * * *
You hit Crazy Yiuf.
Crazy Yiuf is severely wounded.
Crazy Yiuf closely misses you.
You closely miss Crazy Yiuf.
Crazy Yiuf is severely wounded.
Crazy Yiuf zaps a wand.
The puff of flame hits you!
* * * LOW HITPOINT WARNING * * *
You hit Crazy Yiuf.
Crazy Yiuf is severely wounded.
Crazy Yiuf hits you with a quarterstaff of chaos.
* * * LOW HITPOINT WARNING * * *
You hit Crazy Yiuf.
Crazy Yiuf is almost dead.
Crazy Yiuf zaps a wand.
The puff of flame misses you.
You hit Crazy Yiuf but do no damage.
Crazy Yiuf is almost dead.
Crazy Yiuf hits you with a quarterstaff of chaos!
You die...

###.# #.#.# ..#.#
#.#.# ....#### #.#.#
.##....# #####
.......#
.##....##♣♣♣♣♣
.##.###.#..♣.♣♣♣ ####
............♣..♣#...#
...........♣♣♣♣.@g..#
.....#..#.♣♣ ♣♣#..)#
.....####♣♣ ####
....## ....#
###.##### ### #.....#
#.# ##.....### #.#
##........# #.#


You could see Crazy Yiuf.

Vanquished Creatures
  Robin (D:2)
  An adder (D:2)
  An ooze (D:2)
  3 giant cockroaches
  8 goblins
  9 hobgoblins
  7 jackals (D:2)
  3 kobolds
  4 bats
  5 frilled lizards
  4 rats
46 creatures vanquished.

Notes
Turn   | Place    | Note
-------+----------+-------------------------------------------
     0 | D:1      | tv1990 the Formicid Monk began the quest for the Orb.
     0 | D:1      | Reached XP level 1. HP: 18/18 MP: 1/1
   320 | D:1      | Reached XP level 2. HP: 17/24 MP: 2/2
   336 | D:1      | Reached skill level 1 in Armour
   983 | D:2      | Noticed Robin
  1000 | D:2      | Reached XP level 3. HP: 24/29 MP: 3/3
  1009 | D:2      | Killed Robin
  1297 | D:2      | Reached XP level 4. HP: 29/37 MP: 4/4
  1480 | D:2      | Found a runed door.
  1937 | D:2      | Noticed Crazy Yiuf
  1949 | D:2      | Slain by Crazy Yiuf

Skill      XL: |  1  2  3  4 |
---------------+-------------+-----
Armour         | 1 |  1.9
Fighting       | 4 |  4.1
Axes           | 4 |  4.0
Dodging        | |  2.6
Stealth        | |  2.4

Action                   |  1- 3 |  4- 6 || total
-------------------------+-------+-------++-------
Melee: Hand axe          |   102 |    85 ||   187
 Abil: Dig               |     1 |       ||     1
 Stab: Sleeping          |     2 |       ||     2
       Distracted        |     1 |       ||     1
  Eat: Chunk             |     1 |     3 ||     4
Armor: Ring mail         |    24 |    30 ||    54
       Robe              |     1 |       ||     1
Dodge: Dodged            |    55 |    57 ||   112

Table legend:
 A = Turns spent in this place as a percentage of turns spent in the entire game.
 B = Non-inter-level travel turns spent in this place as a percentage of non-inter-level travel turns spent in the entire game.
 C = Inter-level travel turns spent in this place as a percentage of turns spent in this place.
 D = Turns resting spent in this place as a percentage of non-inter-level travel turns spent in this place.
 E = Turns spent auto-exploring this place as a percentage of non-inter-level travel turns spent in this place.
 F = Non-inter-level travel turns spent in this place divided by the number of levels of this place that you've seen.
                   A       B       C       D       E      F
               +-------+-------+-------+-------+-------+----------------------
         Total | 100.0 | 100.0 |   0.2 |   0.9 |  18.1 | 213.0
       Dungeon | 100.0 | 100.0 |   0.2 |   0.9 |  18.1 | 213.0
               +-------+-------+-------+-------+-------+----------------------

Table legend:
 A = Kills in this place as a percentage of kills in entire the game.
 B = Kills by you in this place as a percentage of kills by you in the entire game.
 C = Kills by friends in this place as a percentage of kills by friends in the entire game.
 D = Other kills in this place as a percentage of other kills in the entire game.
 E = Experience gained in this place as a percentage of experience gained in the entire game.
 F = Experience gained in this place divided by the number of levels of this place that you have seen.
                   A       B       C       D       E      F
               +-------+-------+-------+-------+-------+----------------------
         Total | 100.0 | 100.0 |  -nan |  -nan | 100.0 |  54.0
       Dungeon | 100.0 | 100.0 |  -nan |  -nan | 100.0 |  54.0
               +-------+-------+-------+-------+-------+----------------------

Vault maps used:
D:1:      minmay_arrival_widening_spiral_wide, serial_glass, glass_columns_a,
          glass_columns_b, glass_columns_c, minmay_parallelograms
D:2:      uniq_robin, uniq_crazy_yiuf_cottage
